 Dungeon Crawl Stone Soup version 0.32-a0-132-g2d33c3cfaf (webtiles) character file.

Game seed: 18404471700922313875

46 PriceMaster the Apothecary (level 3, 0/21 HPs)
             Began as an Octopode Alchemist on Feb 9, 2024.
             Was a Believer of Cheibriados.
             Slain by an orc
             ... wielding a +0 short sword
              (3 damage)
             ... on level 3 of the Dungeon.
             The game lasted 00:04:45 (2084 turns).

PriceMaster the Apothecary (Octopode Alchemist)     Turns: 2084, Time: 00:04:46

Health: 0/21       AC:  1    Str: 11    XL:     3   Next: 68%
Magic:  0/6        EV: 10    Int: 23    God:    Cheibriados [**....]
Gold:   118        SH:  0    Dex: 16    Spells: 3/6 levels left

rFire   . . .        g - +0 whip (freeze)
rCold   . . .        (no shield)
rNeg    . . .        (helmet restricted)
rPois   .            (no amulet)
rElec   .            (no ring)
rCorr   .            (no ring)
SInv    .            (no ring)
Will    .....        (no ring)
Stlth   +++          (no ring)
HPRegen 0.23/turn    (no ring)
MPRegen 0.10/turn    (no ring)
                     (no ring)

%: no passive effects
@: brilliant, constricted, very slow
A: almost no armour, amphibious, 8 rings, camouflage 1, gelatinous body 1,
(nimble swimmer 1), tentacles
a: Renounce Religion, Bend Time


You were on level 3 of the Dungeon.
You worshipped Cheibriados.
Cheibriados was pleased with you.
You visited 1 branch of the dungeon, and saw 3 of its levels.

You collected 118 gold pieces.

Inventory:

Hand Weapons
 f - a +0 dagger
 g - a +0 whip of freezing (weapon)
Missiles
 e - 4 atropa-tipped darts
Wands
 i - a wand of light (5)
Scrolls
 b - 3 scrolls of identify
 h - a scroll of revelation {unknown}
Potions
 d - a potion of attraction {unknown}


   Skills:
 + Level 2.2 Dodging
 + Level 3.0 Stealth
 + Level 2.3 Spellcasting
 + Level 1.2 Conjurations
 + Level 0.6 Translocations
 + Level 4.2 Alchemy


You had 3 spell levels left.
You knew the following spells:

 Your Spells              Type           Power      Damage    Failure   Level
a - Sting                 Conj/Alch      88%        1d8       4%          1
b - Momentum Strike       Conj/Tloc      20%        3d8       13%         2

Your spell library contained the following spells:

 Spells                   Type           Power      Damage    Failure   Level
 Mercury Vapours          Alch/Air       36%        N/A       8%          2
 Cigotuvi's Dreadful Rot  Necr/Alch/Air  26%        N/A       11%         2
 Blink                    Tloc           16%        N/A       14%         2
 Lesser Beckoning         Tloc           16%        N/A       14%         2
 Mephitic Cloud           Conj/Alch/Air  16%        N/A       19%         3
 Dazzling Flash           Conj/Hex       16%        N/A       28%         3
 Volatile Blastmotes      Fire/Tloc      12%        2d11      32%         3
 Inner Flame              Hex/Fire       4%         N/A       36%         3
 Olgreb's Toxic Radiance  Alch           33%        N/A       22%         4
 Sticky Flame             Fire/Alch      18%        2d6       45%         4
 Irradiate                Conj/Alch      11%        3d15      75%         5
 Dispel Undead            Necr           4%         3d7       77%         4
 Martyr's Knell           Necr/Summ      4%         N/A       77%         4
 Death Channel            Necr           2%         N/A       100%        6
 Starburst                Conj/Fire      4%         6d3       100%        6
 Ignition                 Fire           2%         3d3       100%        8
 Maxwell's Capacitive Co  Air            2%         ∞         100%        8


Dungeon Overview and Level Annotations

Branches:
Dungeon (3/15)

Altars:
Cheibriados


Innate Abilities, Weirdness & Mutations

You cannot wear most types of armour.
You are amphibious.
You can wear up to eight rings at the same time.
Your skin changes colour to match your surroundings (Stealth+).
Your rubbery body absorbs attacks. (AC +1, EV +1)
((You are camouflaged when in or above water. (Stealth+)))
You have tentacles for arms and can constrict up to eight enemies at once.


Message History

Cheibriados appreciates the change of pace.
You kill the orc!
Cheibriados appreciates the change of pace.
The ball python bites you. The ball python closely misses you.
The orc hits you with a +0 dagger.
You are too injured to fight recklessly!
You are too injured to fight recklessly!
You are too injured to fight recklessly!
You are too injured to fight recklessly!
The flow of time bends around you.
Cheibriados rebukes the orc.
The orc seems to slow down.
Cheibriados rebukes the orc.
The orc seems to slow down.
Cheibriados rebukes the ball python.
The ball python seems to slow down.
The ball python closely misses you. The ball python grabs you.
The ball python constricts you.
It was a potion of curing.
You feel better. The orc hits you with a +0 short sword.
The ball python barely misses you. The ball python constricts you.
You hit the orc but do no damage. You grab the orc. You squeeze the orc.
The orc is severely wounded.
You constrict the orc, but do no damage.
The orc hits you with a +0 dagger. x2; The orc barely misses you.
You completely miss the orc.
The orc is severely wounded.
You constrict the orc. The ball python bites you.
The ball python constricts you. The orc hits you with a +0 dagger. x2
* * * LOW HITPOINT WARNING * * *
Unknown command.
It was a potion of brilliance.
You feel clever all of a sudden.
You constrict the orc, but do no damage.
The ball python closely misses you. The ball python constricts you.
* * * LOW HITPOINT WARNING * * *
The orc hits you with a +0 dagger.
* * * LOW HITPOINT WARNING * * *
The orc hits you with a +0 short sword.
You die...
Cheibriados appreciates the motionlessness of death.

####.#........###########
............†..#
####...†......#
#..........##
#...........##
#.............
##........###
##........##
#......)o@...#
..#.....ooS[.# .?
#......)...# #
..............
##...........<...
###............!
##......#.....
########.....


You could see 3 orcs and a ball python (slow).

Vanquished Creatures
  A dart slug (D:1)
  2 orcs (D:3)
  3 endoplasms (D:1)
  A giant cockroach (D:1)
  3 goblins
  7 hobgoblins
  3 jackals (D:1)
  4 kobolds
  2 quokkas
  4 ball pythons
  3 bats
  2 frilled lizards
  3 rats
38 creatures vanquished.

Notes
Turn   | Place    | Note
-------+----------+-------------------------------------------
     0 | D:1      | PriceMaster the Octopode Alchemist began the quest for the
                  | Orb.
     0 | D:1      | Reached XP level 1. HP: 11/11 MP: 3/3
   147 | D:1      | Reached XP level 2. HP: 13/17 MP: 0/5
   150 | D:1      | Learned a level 2 spell: Momentum Strike
   642 | D:1      | Reached skill level 4 in Alchemy
   846 | D:1      | Reached XP level 3. HP: 21/21 MP: 0/6
  1289 | D:2      | Found a faded altar of an unknown god.
  1292 | D:2      | Prayed at the altar of an unknown god.
  1292 | D:2      | Became a worshipper of Cheibriados the Contemplative
  1292 | D:2      | Reached * piety under Cheibriados
  1321 | D:1      | Upgraded the game from 0.32-a0-131-g9dbbe29261 to
                  | 0.32-a0-132-g2d33c3cfaf
  2058 | D:3      | Reached ** piety under Cheibriados
  2084 | D:3      | Slain by an orc

Illustrated notes

Levels and vault maps discovered:
D:1:      nicolae_arrival_memento_mori, layout_basic
D:2:      kennysheep_big_flooded_room, layout_basic,
          nicolae_ecumenical_oubliette
D:3:      layout_rooms

Skill      XL: |  1  2  3 |
---------------+----------+-----
Alchemy        | 4 |  4.2
Stealth        | 3 |  3.0
Dodging        | |  2.2
Spellcasting   | |  2.3
Conjurations   | |  1.2
Translocations | |  0.6

Action                     || total
---------------------------++-------
  Melee: Unarmed           ||     4
         Constrict         ||     7
         Tentacles         ||     5
         Whip              ||    13
   Cast: Sting             ||    53
         Momentum Strike   ||     9
 Invoke: Bend Time         ||     1
    Use: Scroll            ||     2
         Potion            ||     3
   Stab: Sleeping          ||     1
 Armour: Skin              ||    25
  Dodge: Dodged            ||    24

Table legend: (Time is in decaauts)
 A = Elapsed time spent in this place.
 B = Non-inter-level travel time spent in this place.
 C = Inter-level travel time spent in this place.
 D = Time resting spent in this place.
 E = Time spent auto-exploring this place.
 F = Levels seen in this place.
 G = Mean time per level.
                   A        B        C        D        E       F      G
               +--------+--------+--------+--------+--------+-----+--------+
         Total |   2293 |   2148 |    145 |      0 |   1815 |   3 |  764.3 |
       Dungeon |   2293 |   2148 |    145 |      0 |   1815 |   3 |  764.3 |
               +--------+--------+--------+--------+--------+-----+--------+

Top non-repeatable levels by time:
     D:1: 1441 daAuts
     D:3: 480 daAuts
     D:2: 371 daAuts
